[Event "Fagernes Chess GM-Swiss 2024"]
[Site "Fagernes"]
[Date "2024.03.28"]
[Round "6.8"]
[White "Raja Rithvik R"]
[Black "Johansson, Linus"]
[Result "1-0"]
[ECO "E48"]
[WhiteElo "2532"]
[BlackElo "2427"]
[Annotator "TA"]
[PlyCount "53"]
[EventDate "2024.03.25"]
[EventType "swiss"]
[EventCountry "NOR"]
[SourceTitle "playchess.com"]
[Source "ChessBase"]
[SourceQuality "1"]
[TimeControl "40/6000+30:2400+30"]

1. d4 Nf6 2. c4 e6 3. Nc3 Bb4 4. e3 O-O 5. Bd3 d5 6. cxd5 exd5 7. a3 Bd6 8. Qc2 a6 9. Nge2 {[%emt 0:00:08] The position is equal.} Re8 10. O-O b6 11. b4 Bb7 12. Rb1 Qe7 13. f3 g6 14. Qb3 Qf8 (14... Nc6 $11) 15. e4 $16 {[%emt 0:03:58] e5 would now be deadly.} dxe4 (15... Nbd7 $16 {keeps fighting.} 16. e5 (16. exd5 b5 $11) (16. Nxd5 Nxd5 17. exd5 b5 $15) 16... Nxe5 17. dxe5 Bxe5) 16. fxe4 $18 Nxe4 (16... Nbd7 17. e5 Nxe5) 17. Rxf7 Qxf7 18. Bc4 Qxc4 ({But not} 18... Bxh2+ 19. Kxh2 Nd6 20. Bxf7+ $18) ({Don't blunder} 18... Bd5 $2 19. Bxd5 Bxh2+ 20. Kxh2 $18) 19. Qxc4+ Kg7 20. d5 Nf6 21. Bf4 {[%emt 0:03:53] [#] Strongly threatening Bxd6.} b5 22. Qd4 Nbd7 23. Rf1 Ne5 (23... Re5 $142 24. Bxe5 Bxe5) 24. Ng3 {[%emt 0:00:32] White is clearly winning.} Rad8 25. Nge4 Nxe4 26. Nxe4 Rd7 {[%emt 0:00:34] [#]} 27. Nf6 $1 {[%emt 0:01:08][%mdl 512] Weighted Error Value: White=0.22 (precise) /Black=0.61.  Mistake:       	---       	Black=4      Inaccurate:     	White=1     	Black=2      OK:         	White=9     	Black=7      Best:        	---       	Black=1} 1-0

[Event "Fagernes Chess GM-Swiss 2024"]
[Site "Fagernes"]
[Date "2024.03.28"]
[Round "6.9"]
[White "Kvaloy, Aksel Bu"]
[Black "Pranav Anand"]
[Result "1/2-1/2"]
[ECO "B48"]
[WhiteElo "2454"]
[BlackElo "2519"]
[Annotator "TA"]
[PlyCount "141"]
[EventDate "2024.03.25"]
[EventType "swiss"]
[EventCountry "NOR"]
[SourceTitle "playchess.com"]
[Source "ChessBase"]
[SourceQuality "1"]
[TimeControl "40/6000+30:2400+30"]

1. e4 c5 2. Nf3 e6 3. d4 cxd4 4. Nxd4 Nc6 5. Nc3 Qc7 6. Be3 a6 7. a3 b5 8. Nxc6 Qxc6 9. h4 Bb7 10. h5 h6 {[%emt 0:00:04] White has an edge.} 11. Rh3 Rc8 12. Be2 Qc7 13. Qd3 Nf6 14. Rd1 b4 $1 15. axb4 Bxb4 16. Kf1 Bxc3 17. bxc3 Bxe4 (17... Nxe4 18. Bf4 d6 (18... Qxf4 $2 19. Qxd7+ Kf8 20. Rf3 $18) 19. c4 $15) 18. Qxa6 O-O (18... Qxc3 $2 19. Bxh6 Qc6 (19... Qxc2 $2 20. Bxg7 Rg8 21. h6 $18) 20. Qxc6 (20. Bxg7 Bxg2+ 21. Ke1 Bxh3 $14) 20... Rxc6 21. Bxg7 $18) 19. Rg3 Ra8 (19... Qxc3 $2 20. Bd4 $18 (20. Bxh6 Qxg3 21. fxg3 gxh6 $18) (20. Bxh6 Qxg3 21. fxg3 gxh6 $18)) 20. Qb6 Qxb6 (20... Qxc3 $2 {is the wrong capture.} 21. Bd4 $18 (21. Bxh6 Qxg3 22. fxg3 gxh6 $18) (21. Bxh6 Qxg3 22. fxg3 gxh6 $18)) 21. Bxb6 {[%emt 0:00:08] A strong pair of Bishops.} Bxc2 22. Rc1 Be4 23. Bd4 Kh8 24. c4 Bc6 25. Kg1 Rg8 26. Bf3 Ne4 27. Rg4 Nd6 28. Bxc6 dxc6 29. Rf4 Ra5 {[%emt 0:03:46] Repels Be5} (29... f6 $1 $17 {And now ...e5 would win.} 30. Bc5 e5) 30. c5 (30. Rd1 $11) 30... Nb5 $1 $17 31. Be3 Ra7 32. Rb4 Rd8 33. Rbb1 Rd5 34. Ra1 Rc7 (34... Rxa1 $17 35. Rxa1 e5 (35... Rxh5 36. Ra6 $17)) 35. Ra8+ $15 Kh7 36. g4 {[%emt 0:00:30] [#]} f5 $1 37. Re8 fxg4 38. Rxe6 {[%emt 0:00:28] [#]} Rxh5 (38... Nd4 $1 $17 39. Bxd4 Rxd4) 39. Rc4 Rf5 {[%emt 0:03:52] Hoping for ...h5.} 40. Rxg4 Na7 41. Kg2 {[%emt 0:05:43] The position is equal.} Rcf7 42. Ra4 h5 43. Rh4 Rd7 44. Rhe4 Kg8 45. Re8+ Kf7 46. Rh8 Rfd5 47. Kg3 Rd8 48. Rxd8 Rxd8 $11 {[%emt 0:00:05][%mdl 4096] Endgame. KRB-KRN} 49. Ra4 Nb5 50. Kh4 g6 51. Ra6 Rc8 52. Kg5 Kg7 (52... Nc7 $5 53. Ra7 $8 Ke6 $11) 53. Rb6 Rc7 54. Bf4 Rf7 {[%emt 0:00:12] Strongly threatening ...Rf5+.} 55. Be5+ Kh7 56. Bf6 {[%emt 0:00:36][%cal Ob6b8] Rb8! would now be deadly.} Nd4 57. Bxd4 {[%emt 0:00:37][%cal Od4f6] Intending Bf6! and mate. KRB-KR} Rf5+ 58. Kh4 Rf4+ 59. Kg3 Rxd4 60. Rxc6 {[%emt 0:00:06] KR-KR} Rc4 61. Rc8 h4+ 62. Kh3 g5 63. c6 Rc3+ 64. Kg4 h3 {[%emt 0:00:25] ( -> ...h2)} 65. Rd8 h2 66. Rd7+ Kg6 67. Rd6+ Kg7 68. Rd7+ Kf6 69. Rh7 Rc4+ 70. Kg3 Rxc6 71. Rxh2 {[%emt 0:00:12] Weighted Error Value: White=0.10 (very precise) /Black=0.10 (very precise) .  Mistake:       	White=1     	Black=3      Inaccurate:     	White=5     	Black=1      OK:         	White=30    	Black=22     Best:        	White=6     	Black=5      Strong:       	---       	Black=3} 1/2-1/2

[Event "Fagernes Chess GM-Swiss 2024"]
[Site "Fagernes"]
[Date "2024.03.28"]
[Round "6.10"]
[White "Tsolakidou, Stavroula"]
[Black "Can, Isik"]
[Result "1/2-1/2"]
[ECO "B60"]
[WhiteElo "2424"]
[BlackElo "2493"]
[Annotator "TA"]
[PlyCount "116"]
[EventDate "2024.03.25"]
[EventType "swiss"]
[EventCountry "NOR"]
[SourceTitle "playchess.com"]
[Source "ChessBase"]
[SourceQuality "1"]
[TimeControl "40/6000+30:2400+30"]

1. e4 c5 2. Nf3 d6 3. d4 cxd4 4. Nxd4 Nf6 5. Nc3 Nc6 6. Bg5 Bd7 7. Nxc6 {[%emt 0:01:26] B60: Sicilian: Richter-Rauzer: Unusual Black 6th moves and 6...Bd7 without 7 Qd2.} Bxc6 8. Bxf6 gxf6 9. Bb5 Qa5 10. Bxc6+ bxc6 11. O-O $146 ({Predecessor:} 11. Qd3 Rb8 12. b3 Rg8 13. g3 f5 14. O-O Bg7 15. b4 Qa3 16. Ne2 Qxd3 17. cxd3 Bxa1 18. Rxa1 fxe4 19. dxe4 Rxb4 {0-1 Avila Rodriguez,J (2239)-Wieczorek,O (2494) Titled Tuesday intern op 22nd Aug Late blitz 2023 (1)}) 11... h5 12. Qd3 h4 13. Ne2 e6 14. c4 Rg8 15. f4 Rd8 16. Kh1 Bh6 (16... d5 $14) 17. a3 Qh5 18. Rad1 c5 19. b4 Ke7 20. b5 (20. Nc3 $16) 20... Rd7 (20... Qg4 $14 21. Rf2 f5) 21. a4 $18 Qg4 {[%emt 0:01:15] [#]} 22. Rf2 $1 Rgd8 (22... Rdd8 $142 23. h3 Qh5) 23. h3 $18 Qh5 24. f5 Qg5 25. Rdf1 Rg8 26. Qf3 Rf8 27. Nf4 Qxf4 28. Qxf4 Bxf4 29. fxe6 fxe6 30. Rxf4 d5 31. cxd5 (31. Rxh4 dxe4 (31... dxc4 32. e5 $14) 32. Rxe4 e5) (31. exd5 $18 {Re1 is the strong threat.} exd5 32. Rxh4) 31... exd5 32. exd5 Rxd5 33. Rxh4 Ke6 {[%emt 0:04:36] [#]} (33... Rd4 $16 34. Rh5 Kd6) 34. Rh7 $1 $18 a6 35. bxa6 Rd4 (35... c4 {was called for.} 36. Rc7 Ra8 37. Re1+ (37. Rxc4 Rxa6 38. Ra1 Kf7 $18) 37... Re5 38. Rxe5+ fxe5 39. Rxc4 Rxa6) 36. Ra1 $18 Rd6 37. a7 Ra6 38. Re1+ Kd6 39. Rb7 Ra8 40. Rf1 (40. Rf7 $18 {and White stays clearly on top.} Rxa4 41. Rxf6+ Kd5 42. Rd1+ Ke5 43. Rc6) 40... R8xa7 41. Rxf6+ (41. Rb5 $16) 41... Ke5 $11 42. Rxa6 Rxa6 43. Kh2 c4 44. g4 Rxa4 45. Kg3 c3 46. Rc7 Kd4 47. g5 Rc4 $1 48. Rxc4+ Kxc4 49. g6 c2 50. g7 c1=Q 51. g8=Q+ (51. g8=R {leads to mate.} Qg1+ 52. Kf3 Qxg8 53. Ke3 Qg2 54. Kf4 Qxh3 55. Ke5 Qh5+ 56. Ke6 Kc5 57. Ke7 Qf5 58. Kd8 Kd6 59. Ke8 Qf4 60. Kd8 Qf8#) 51... Kd4 52. Kh4 Qf4+ 53. Qg4 Ke5 54. Kh5 Qf7+ 55. Kh6 Qf6+ 56. Kh7 Qf7+ 57. Qg7+ Qxg7+ 58. Kxg7 Kf4 1/2-1/2

[Event "Fagernes Chess GM-Swiss 2024"]
[Site "Fagernes"]
[Date "2024.03.28"]
[Round "6.11"]
[White "Kistrup, Nicolai"]
[Black "Ghasi, Ameet K"]
[Result "0-1"]
[ECO "E93"]
[WhiteElo "2324"]
[BlackElo "2485"]
[Annotator "TA"]
[PlyCount "76"]
[EventDate "2024.03.25"]
[EventType "swiss"]
[EventCountry "NOR"]
[SourceTitle "playchess.com"]
[Source "ChessBase"]
[SourceQuality "1"]
[TimeControl "40/6000+30:2400+30"]

1. d4 Nf6 2. c4 g6 3. Nc3 Bg7 4. e4 d6 5. h3 Nbd7 6. Be3 e5 7. d5 Nc5 8. Qc2 a5 9. Nf3 O-O 10. O-O-O Qe7 11. g4 Bd7 12. Be2 b6 13. Nd2 c6 14. g5 Ne8 {[%emt 0:01:11] White is better.} 15. h4 Nc7 16. h5 cxd5 17. exd5 Bf5 {[%emt 0:05:44] Prevents f3} 18. Nde4 N7a6 (18... Nxe4 $1 $14 19. Nxe4 Rfc8) 19. Bxc5 (19. f3 $16) 19... Nxc5 $11 20. Rdg1 (20. f3 {simplifies} Bxe4 21. Nxe4 Nxe4 22. fxe4 Rfc8 23. Qd2) 20... Rfc8 $2 (20... Nxe4 $15 21. Nxe4 Rfc8) 21. f3 $1 $16 a4 22. Rh4 (22. Kb1 $16) 22... Ra5 23. Bf1 {[%emt 0:13:41] [#]} (23. hxg6 $14 {keeps the upper hand.} fxg6 24. Kb1) 23... b5 $1 24. cxb5 (24. Nf6+ Qxf6) 24... Bxe4 (24... a3 $17 25. b3 Qa7) 25. fxe4 $14 a3 $1 26. b3 {[%emt 0:03:00] Black must now prevent Kb1.} (26. b4 Na4 27. Rh3 (27. bxa5 $2 Rxc3 $19) 27... Raa8 $17) 26... Qa7 $1 27. Rg3 {[%emt 0:05:07] [#]} ({White should play} 27. Rgh1 $1 $11 Nxb3+ 28. Qxb3) 27... Nxb3+ $1 $15 28. Qxb3 {[%emt 0:00:25] Hoping for b6.} Qf2 $36 {[%emt 0:00:05][%csl LRf1,LRg3][%mdl 2048] Black has the initiative. Chess con chili.} 29. Rhh3 {[%emt 0:01:03] Threatens to win with Bd3.} Qxf1+ 30. Kd2 gxh5 {[%emt 0:03:12] Black has more active pieces.} (30... Qf4+ $17 31. Kd3 Qf1+ 32. Ne2 Rc5 (32... Rc1 33. hxg6 hxg6 34. Rf3 $16)) 31. Qd1 (31. Ne2 $1 $11) 31... Qf4+ (31... Qf2+ $17 32. Qe2 Qd4+ 33. Rd3 Qg1 (33... Rxc3 $2 34. Rxd4 exd4 35. b6 $18)) 32. Kd3 $2 {[%emt 0:00:43][%mdl 8192] [#]} (32. Re3 $1 $11 {and White has nothing to worry.}) 32... Rxc3+ $1 33. Kxc3 {[%emt 0:00:05] Strongly threatening Kb4.} Qxe4 ({Less strong is} 33... Rxb5 34. Qe1 $15) 34. Qd3 (34. Re3 Qf4 35. Kc2 (35. Qxh5 $2 {too greedy.} Qd4+ 36. Kc2 Qb2+ 37. Kd1 Qa1+ 38. Ke2 Qxa2+ 39. Kf1 Qb1+ 40. Kg2 a2 $19) 35... Rxb5 (35... Qxg5 36. Qf1 $11) (35... Qc4+ $2 36. Kb1 $19) 36. Rb3 Qf5+ 37. Rhd3 Rxb3 (37... Rxd5 $2 38. Qf3 $19) (37... Rc5+ $2 38. Kb1 $19) 38. Kxb3) 34... Qa4 $19 35. Qf5 Rxb5 36. Qc8+ Bf8 {[%emt 0:00:01] ( -> ...Rb2)} 37. Kd2 Rb2+ 38. Ke1 Qe4+ {[%emt 0:00:15] Weighted Error Value: White=1.26/Black=0.33.  Loses game:     	White=1     	---        Mistake:       	White=6     	Black=6      Inaccurate:     	White=6     	---        OK:         	White=4     	Black=7      Best:        	White=2     	Black=1      Strong:       	White=1     	Black=2      Brilliant:      	---       	Black=1} 0-1

[Event "Fagernes Chess GM-Swiss 2024"]
[Site "Fagernes"]
[Date "2024.03.28"]
[Round "6.12"]
[White "Petkov, Momchil"]
[Black "Kenneskog, Theodor"]
[Result "1-0"]
[ECO "B90"]
[WhiteElo "2500"]
[BlackElo "2358"]
[Annotator "TA"]
[PlyCount "81"]
[EventDate "2024.03.25"]
[EventType "swiss"]
[EventCountry "NOR"]
[SourceTitle "playchess.com"]
[Source "ChessBase"]
[SourceQuality "1"]
[TimeControl "40/6000+30:2400+30"]

1. e4 c5 2. Nf3 d6 3. d4 cxd4 4. Nxd4 Nf6 5. Nc3 a6 6. Be3 e5 7. Nb3 Be7 8. Rg1 Ng4 9. Bd2 Be6 (9... Nxh2 $6 10. Be2 $18) 10. h3 {[%emt 0:01:03] The position is equal.} Nf6 11. Qf3 Nbd7 (11... O-O $11 {should be considered.}) 12. O-O-O $14 Rc8 13. Nd5 Bxd5 14. exd5 Qc7 15. c4 {[%emt 0:06:11] Active counter play!} (15. Bd3 $11) 15... O-O (15... b5 $15 16. Kb1 bxc4) 16. Kb1 $1 b6 17. g4 a5 18. g5 Ne8 19. Bd3 {[%emt 0:07:10] Black is weak on the light squares} (19. h4 {simplifies} f5 20. a4 Nc5 21. Nxc5 Qxc5 22. h5) 19... a4 20. Nc1 (20. Na1 $14) 20... Nc5 $11 21. Bc2 Qb7 ({Better is} 21... f5 $11) 22. Rg4 $40 {[%emt 0:04:31][%mdl 128] White attacks.} ({White should play} 22. Nd3 $14) 22... g6 23. Qe2 b5 24. cxb5 Nc7 25. Bxa4 Nxd5 {[%emt 0:02:02] [#] This costs Black the game.} (25... Nxa4 $14 26. Rxa4 Rb8 (26... Nxb5 $2 27. Rb4 $18)) 26. Bc2 $1 $18 Nc7 (26... Ne6 $142 27. a4 Ndf4 (27... Nd4 $2 28. Rxd4 exd4 29. Be4 $18) 28. Bxf4 (28. Qe4 Qc7 $18) 28... Nxf4) 27. a4 N7e6 28. Be3 {[%emt 0:01:46] Wards off Nd4} Ra8 29. Bxc5 Nxc5 30. Be4 Nxe4 31. Qxe4 Qa7 32. Qe3 Qb8 33. Na2 Bd8 34. Qd3 Qa7 35. Nc3 Bb6 (35... Qxf2 {keeps fighting.} 36. Rf1 (36. Qxd6 Qf5+ 37. Qd3 Kg7 $18) 36... Qa7) 36. Nd5 Bxf2 37. Nf6+ Kg7 38. Qxd6 Bd4 (38... Qc5 $18 39. b6 Qxd6 40. Rxd6 Rh8) 39. Rdxd4 {[%emt 0:00:39] White mates.} exd4 40. Qe5 Rfd8 41. Rh4 {[%emt 0:40:37] Weighted Error Value: White=0.16 (very precise) /Black=0.42.  Mistake:       	White=3     	Black=7      Inaccurate:     	White=3     	Black=3      OK:         	White=10    	Black=11     Best:        	White=5     	Black=1      Strong:       	White=1     	---} 1-0

[Event "Fagernes Chess GM-Swiss 2024"]
[Site "Fagernes"]
[Date "2024.03.28"]
[Round "6.13"]
[White "Mitusov, Semen"]
[Black "Carlsson, Ludvig"]
[Result "1-0"]
[ECO "B33"]
[WhiteElo "2487"]
[BlackElo "2350"]
[Annotator "TA"]
[PlyCount "49"]
[EventDate "2024.03.25"]
[EventType "swiss"]
[EventCountry "NOR"]
[SourceTitle "playchess.com"]
[Source "ChessBase"]
[SourceQuality "1"]
[TimeControl "40/6000+30:2400+30"]

1. e4 c5 2. Nf3 Nc6 3. d4 cxd4 4. Nxd4 Nf6 5. Nc3 e5 6. Ndb5 d6 7. Bg5 a6 8. Na3 b5 9. Nd5 Be7 10. Bxf6 Bxf6 11. c4 b4 12. Nc2 O-O 13. b3 a5 {[%emt 0:01:49] The position is equal.} 14. h4 Be6 (14... Bxh4 $2 {too greedy.} 15. Qh5 Bxf2+ 16. Kxf2 $18) 15. Nxf6+ Qxf6 16. g3 (16. Qxd6 $5 Nd4 17. Nxd4 $11) 16... a4 {[%emt 0:05:25] aiming for ...axb3.} 17. Bg2 Qd8 18. O-O Qb6 19. Kh2 axb3 20. axb3 Rxa1 21. Qxa1 Qa5 22. Rd1 Ra8 $2 {[%emt 0:02:05] [#]} (22... Qb6 $11) 23. Qxa5 $1 $16 Rxa5 (23... Nxa5 24. Ra1 (24. Rxd6 Nxb3 25. Nxb4 Bxc4 $11) 24... Bc8) 24. Rxd6 $18 Rc5 {[%emt 0:00:18] [#]} 25. Nxb4 $1 {[%emt 0:00:14][%mdl 512] Weighted Error Value: White=0.06 (flawless) /Black=0.61.  Mistake:       	---       	Black=2      Inaccurate:     	---       	Black=1      OK:         	White=3     	Black=4      Best:        	White=1     	---        Strong:       	White=1     	---} 1-0

[Event "Fagernes Chess GM-Swiss 2024"]
[Site "Fagernes"]
[Date "2024.03.28"]
[Round "6.14"]
[White "Vestby-Ellingsen, Mads"]
[Black "Hillarp Persson, Tiger"]
[Result "0-1"]
[ECO "B90"]
[WhiteElo "2336"]
[BlackElo "2473"]
[Annotator "TA"]
[PlyCount "102"]
[EventDate "2024.03.25"]
[EventType "swiss"]
[EventCountry "NOR"]
[SourceTitle "playchess.com"]
[Source "ChessBase"]
[SourceQuality "1"]
[TimeControl "40/6000+30:2400+30"]

1. e4 c5 2. Nf3 d6 3. d4 cxd4 4. Nxd4 Nf6 5. Nc3 a6 6. h3 e5 7. Nf3 Be7 8. g4 Be6 9. g5 {[%emt 0:12:40] Die Stellung ist ausgeglichen.} Nfd7 10. Be3 Nb6 11. Qd2 N8d7 12. O-O-O Rc8 13. Kb1 O-O 14. Bd3 Kh8 (14... Qc7 $15) 15. Nh4 {[%emt 0:05:55] [#]} Rxc3 16. Qxc3 $16 (16. bxc3 $2 d5 17. Be2 dxe4 $19) 16... Bxg5 17. Ng2 d5 18. f4 d4 19. Qe1 ({Vorzuziehen ist} 19. Qa5 $1 $11 dxe3 20. fxg5 Qxg5 21. Rdg1) 19... Be7 (19... Na4 $1 $15 20. fxg5 dxe3) 20. Bc1 (20. Bd2 $14) 20... f6 $2 (20... Na4 $15 {bleibt weiter vorne.}) 21. Nh4 ({Besser ist} 21. f5 $16 Bf7 22. c3) 21... Na4 {[%emt 0:01:44] Droht stark ...Qb6.} 22. f5 $1 Bf7 {[%emt 0:01:40] Es drohte Ng6+} (22... Qb6 $1 $14 23. fxe6 Nxb2) 23. Rg1 $1 $18 {[%emt 0:01:30] Zielt auf Qg3 ab.} h6 (23... Re8 $16 {war nötig.}) 24. Ng6+ $1 Kh7 25. Nxe7 (25. Nxf8+ Bxf8 26. Rg3 Kh8) 25... Qxe7 {[%emt 0:00:08] [#]} 26. Rxg7+ Kxg7 $11 27. Bxh6+ Kxh6 $17 28. Qh4+ Bh5 29. Rg1 {[%emt 0:00:13] jetzt Rg6+ und aus.} Qe8 30. Rg6+ {[%emt 0:01:28] [#]} (30. Qg3 $1 $11 {und Weiss muss sich keine Sorgen machen.} Rf7 31. Be2) 30... Qxg6 $1 $19 31. fxg6 Kxg6 {[%emt 0:00:15] Weiss muss nun ...b5 beachten.} 32. Bc4 Nac5 {[%emt 0:04:01] Es drohte Be6. Und jetzt ...b5 wäre schön.} 33. b4 $2 {[%emt 0:00:22][%mdl 8192] [#]} (33. Qg3+ $17 Kh6 34. Qh4) 33... Nb6 $1 34. Bf1 Ne6 35. a4 (35. Qg3+ $142 Kf7 36. Qf2) 35... Nxa4 36. Qg3+ Kh6 37. Bc4 Nf4 38. Qa3 Nc3+ 39. Kb2 Rc8 40. Bf1 Nd1+ 41. Kb1 Ne3 42. Bd3 Nxd3 43. cxd3 Rc3 44. Qa5 Be2 {[%emt 0:00:15] Schwarz setzt Matt.} 45. Qd8 Bxd3+ 46. Ka2 Bc4+ 47. Kb1 Kg7 48. Qe7+ Bf7 49. Qxb7 {[%emt 0:00:10] [#]} a5 $1 50. b5 (50. bxa5 Rb3+) 50... a4 51. b6 a3 {[%emt 0:00:22] Schwarz hat seine Chance genutzt.   Gewichteter Fehlerwert: Weiß=0.84/Schwarz=0.22 (präzise) .  Verlustzug:     	Weiß=1     	---        Gewinn verpasst:   	Weiß=1     	---        Fehler:       	Weiß=6     	Schwarz=6     Ungenau:       	Weiß=4     	Schwarz=2     OK:         	Weiß=7     	Schwarz=11    Bester:       	Weiß=2     	Schwarz=3     Stark:        	Weiß=2     	Schwarz=1     Brilliant:      	---       	Schwarz=1} 0-1

[Event "Fagernes Chess GM-Swiss 2024"]
[Site "Fagernes"]
[Date "2024.03.28"]
[Round "6.15"]
[White "Koelle, Tobias"]
[Black "Nielsen, Viktor Haarmark"]
[Result "1/2-1/2"]
[ECO "D41"]
[WhiteElo "2460"]
[BlackElo "2351"]
[Annotator "TA"]
[PlyCount "119"]
[EventDate "2024.03.25"]
[EventType "swiss"]
[EventCountry "NOR"]
[SourceTitle "playchess.com"]
[Source "ChessBase"]
[SourceQuality "1"]
[TimeControl "40/6000+30:2400+30"]

1. d4 Nf6 2. c4 e6 3. Nf3 d5 4. Nc3 c5 5. cxd5 Nxd5 6. e4 Nxc3 7. bxc3 cxd4 8. cxd4 Bb4+ 9. Bd2 Bxd2+ 10. Qxd2 O-O 11. h4 {[%emt 0:00:06] D41: Queen's Gambit Declined: Semi-Tarrasch with 5 cxd5.} b6 12. Rd1 Bb7 13. Bd3 Qe7 14. O-O Nd7 15. Rfe1 Nf6 $146 ({Predecessor:} 15... Rfd8 16. Qf4 Rac8 17. h5 h6 18. Qg3 Rc3 19. Bb1 Rdc8 {½-½ Kuemin,S (2259)-Gasthofer,V (2365) Oberliga Baden 0001 2000 (5.3)}) 16. Qf4 Rfe8 17. e5 Nd5 $1 18. Qg4 Rac8 19. Ng5 h6 20. Ne4 $1 f5 21. exf6 Nxf6 22. Nxf6+ Qxf6 23. Bg6 Re7 24. h5 Bd5 25. Rc1 Rec7 26. Rxc7 Rxc7 27. a3 Rc3 28. Be4 Bxe4 29. Rxe4 Qf5 30. Qe2 Qg5 31. g3 Qd5 32. Kh2 Rc1 33. Qf3 Ra1 34. Rf4 Qxf3 35. Rxf3 Rd1 36. Re3 Rxd4 37. Rxe6 Rd5 38. g4 Rd4 39. f3 Rd3 40. a4 (40. Re8+ $11 {keeps the balance.} Kf7 41. Rb8) 40... Rxf3 $17 41. Re7 Rf4 $2 (41... a5 $19 {And now ...Rf4 would win.} 42. Rb7 Ra3 43. Rb8+ Kh7 44. Rxb6 Rxa4) 42. Rxa7 $11 Rxg4 43. Kh3 $1 Rg5 44. Kh4 Rc5 45. Ra6 Rc4+ 46. Kg3 Rb4 47. a5 Rb3+ 48. Kg4 Rb4+ 49. Kg3 bxa5 50. Rxa5 Kf7 51. Ra6 Re4 52. Rb6 Re6 53. Rb5 Kf6 54. Kf4 Rc6 55. Rb4 Ra6 56. Rc4 Rd6 57. Rb4 Ra6 58. Rc4 Rd6 59. Rb4 Ra6 60. Rc4 $1 1/2-1/2

[Event "Fagernes Chess GM-Swiss 2024"]
[Site "Fagernes"]
[Date "2024.03.28"]
[Round "6.16"]
[White "Elsness, Frode"]
[Black "Elmi, Saad Abobaker"]
[Result "1-0"]
[ECO "A70"]
[WhiteElo "2437"]
[BlackElo "2344"]
[Annotator "TA"]
[PlyCount "69"]
[EventDate "2024.03.25"]
[EventType "swiss"]
[EventCountry "NOR"]
[SourceTitle "playchess.com"]
[Source "ChessBase"]
[SourceQuality "1"]
[TimeControl "40/6000+30:2400+30"]

1. d4 Nf6 2. c4 e6 3. Nf3 c5 4. d5 exd5 5. cxd5 d6 6. Nc3 g6 7. h3 Bg7 8. e4 O-O 9. Bd3 Re8 10. O-O Na6 11. Re1 Nc7 12. Nd2 (12. a4 $16) 12... b6 13. a4 Rb8 14. Nc4 {[%emt 0:07:00] White is slightly better.} Ba6 15. Bg5 h6 16. Bh4 Bxc4 17. Bxc4 {[%emt 0:00:18] Threatens to win with f4.} a6 18. Qd3 {[%emt 0:21:10] White is more active.} (18. e5 $14 {deserves consideration.} dxe5 19. d6) 18... g5 $11 19. Bg3 {[%emt 0:00:06][%cal Oe4e5] e5! is the strong threat.} Nh5 20. Bxa6 (20. Bh2 {with more complications.} Bd4 21. Bxa6 Qf6 22. Re2) 20... Nxg3 21. fxg3 Bd4+ {[%emt 0:02:09] [#]} 22. Kh2 $1 g4 23. Bb5 (23. hxg4 Be5 24. Re3 Nxa6 25. Qxa6 Qh4+ 26. Kg1 Bxg3 27. Rxg3 Qxg3 $15) 23... Nxb5 24. axb5 Be5 25. Rf1 (25. hxg4 Qh4+ 26. Kg1 Bxg3 $17 (26... Qxg3 27. Qxg3 Bxg3 28. Rf1 $16)) 25... h5 {[%emt 0:01:17] Black is weak on the light squares} 26. Kh1 (26. Qe2 $142) 26... h4 {[%emt 0:04:03] [#]} (26... gxh3 $16 {is a better defense.} 27. Qf3 (27. gxh3 h4 $11) 27... Rb7) 27. Qe2 $1 $18 (27. hxg4 $2 hxg3 (27... Bxg3 $2 28. e5 $18) 28. Rfe1 Qh4+ 29. Kg1 Qh2+ (29... Qxg4 30. Qf3 $17) 30. Kf1 Qh1+ 31. Ke2 Qxg2+ 32. Kd1 Qxb2 $19) 27... Qg5 (27... Qd7 $142) 28. Rf5 ({And not} 28. Qxg4 Qxg4 29. hxg4 hxg3 $17 (29... Bxg3 30. Ra7 $14)) 28... Qg6 29. gxh4 ({Weaker is} 29. hxg4 hxg3 (29... Bxg3 30. Raf1 $16) 30. Qf3 c4 $15) 29... f6 {[%emt 0:10:57] Against Rg5} 30. Qxg4 Qxg4 31. hxg4 Bxc3 $2 (31... Re7 32. Ra6 Rg7) 32. bxc3 Rxe4 33. Rxf6 Rxg4 34. Rxd6 Rxh4+ 35. Kg1 {[%emt 0:00:02] Weighted Error Value: White=0.14 (very precise) /Black=0.26 (precise) .  Mistake:       	White=2     	Black=3      Inaccurate:     	---       	Black=5      OK:         	White=7     	Black=11     Best:        	White=2     	Black=2      Strong:       	White=2     	---} 1-0

[Event "Fagernes Chess GM-Swiss 2024"]
[Site "Fagernes"]
[Date "2024.03.28"]
[Round "6.17"]
[White "Sorensen, Hampus"]
[Black "Lund, Gunnar"]
[Result "1/2-1/2"]
[ECO "D35"]
[WhiteElo "2428"]
[BlackElo "2335"]
[Annotator "RC"]
[PlyCount "77"]
[EventDate "2024.03.25"]
[EventType "swiss"]
[EventCountry "NOR"]
[SourceTitle "playchess.com"]
[Source "ChessBase"]
[SourceQuality "1"]
[TimeControl "40/6000+30:2400+30"]

1. d4 d5 2. c4 e6 3. Nc3 Nf6 4. cxd5 exd5 5. Bg5 Be7 6. e3 c6 7. Bd3 Nbd7 8. Bf4 O-O 9. h3 Re8 10. Nf3 Nf8 11. O-O Ng6 12. Bh2 Bd6 13. Bxd6 Qxd6 14. Qc2 Bd7 15. Rfb1 Qe7 16. b4 Rac8 17. b5 c5 18. Qb2 c4 19. Bc2 Be6 20. b6 a6 21. Qb4 Qd8 22. a4 Ne7 23. a5 Bf5 24. Qb2 Bxc2 25. Qxc2 Nc6 26. Nd2 Qe7 27. Qa4 Rcd8 28. Nf1 Ne4 29. Nxe4 Qxe4 30. Ng3 Qg6 31. Ne2 h6 32. Rb2 Qg5 33. Qd1 Ne7 34. Nc3 Nf5 35. Qg4 Qf6 36. Qf3 Qg5 37. Qg4 Qf6 38. Qf3 Qg5 39. Qg4 1/2-1/2